 Dungeon Crawl Stone Soup version 0.24-a0-378-g94936e5 (webtiles) character file.

Game seed: 18213364919366229875

7748 r3xj the Carver (level 11, 0/100 (105) HPs)
             Began as a Minotaur Berserker on June 1, 2019.
             Was a High Priest of Trog.
             Slain by a two-headed ogre
             ... wielding a +0 giant spiked club
              (14 damage)
             ... on level 9 of the Dungeon.
             The game lasted 00:27:50 (7662 turns).

r3xj the Carver (Minotaur Berserker)                Turns: 7662, Time: 00:27:50

HP:   0/100 (105)   AC: 18    Str: 26    XL:     11   Next: 0%
MP:   10/10         EV:  8    Int:  4    God:    Trog [*****.]
Gold: 472           SH:  0    Dex:  9    Spells: 10/10 levels left

rFire    . . .     SeeInvis .   A - +2 long sword (holy)
rCold    . . .     Gourm    .   (no shield)
rNeg     . . .     Faith    +   z - +0 plate armour
rPois    .         Spirit   .   S - +2 hat
rElec    .         Reflect  .   (no cloak)
rCorr    .         Harm     .   (no gloves)
MR       .....                  (no boots)
Stlth    ..........             s - amulet of faith
HPRegen  0.26/turn              t - ring of stealth
MPRegen  0.12/turn              I - +4 ring of protection

@: berserk cooldown, slowed, very slow
A: retaliatory headbutt, horns 2
a: Berserk, Trog's Hand, Brothers in Arms, Renounce Religion


You were on level 9 of the Dungeon.
You worshipped Trog.
Trog was extremely pleased with you.
You were not hungry.

You visited 1 branch of the dungeon, and saw 9 of its levels.

You collected 472 gold pieces.

Inventory:

Hand Weapons
 a - a +0 falchion
 p - a +2 trident of freezing
 A - a +2 long sword of holy wrath (weapon)
 B - a +0 great sword
 M - a +2 hunting sling of freezing
 N - a +3 quarterstaff of protection
Missiles
 O - 59 sling bullets
Armour
 b - a +0 animal skin
 h - a +0 ring mail
 y - a +0 chain mail
 z - a +0 plate armour (worn)
 E - a +0 shield
 H - a +1 buckler of reflection
 S - a +2 hat (worn)
Magical Staves
 K - an uncursed staff of earth {unknown}
Jewellery
 s - an amulet of faith (around neck)
 t - a ring of stealth (left hand)
 I - a +4 ring of protection (right hand)
Wands
 u - a wand of paralysis (4)
 L - a wand of iceblast (3)
 P - a wand of flame (5)
Scrolls
 d - 2 scrolls of enchant armour {unknown}
 f - 5 scrolls of identify
 i - a scroll of noise {unknown}
 k - 2 scrolls of remove curse
 m - 6 scrolls of teleportation {unknown}
 n - 2 scrolls of magic mapping {unknown}
 r - 2 scrolls of amnesia {unknown}
 v - 2 scrolls of enchant weapon {unknown}
 w - 4 scrolls of blinking {unknown}
 D - a scroll of fear {unknown}
 J - a scroll of vulnerability {unknown}
Potions
 e - 3 potions of lignification {unknown}
 g - 4 potions of curing {unknown}
 j - 2 potions of flight {unknown}
 l - a potion of heal wounds {unknown}
 o - a potion of berserk rage {unknown}
 q - 3 potions of mutation {unknown}
 x - a potion of resistance {unknown}
 C - 3 potions of degeneration {unknown}
 F - a potion of cancellation {unknown}
 G - 2 potions of magic {unknown}
 R - a potion of brilliance {unknown}
Comestibles
 c - 10 rations


   Skills:
 + Level 12.4 Fighting
 - Level 14.0 Long Blades
 + Level 6.1 Armour
 - Level 2.3 Dodging
 + Level 5.4 Shields


You had 10 spell levels left.
You didn't know any spells.
Your spell library was empty.

Dungeon Overview and Level Annotations

Branches:
Dungeon (9/15)             Temple (0/1) D:4
   Lair: D:8-11         Orc: D:9-12

Altars:
Elyvilon
Ru
Vehumet
The Shining One

Shops:
D:4 %


Innate Abilities, Weirdness & Mutations

You reflexively headbutt those who attack you in melee.
You have a pair of horns on your head.


Message History

The two-headed ogre hits you with a +0 giant spiked club!
The two-headed ogre hits you but does no damage.
You slash the two-headed ogre!
The two-headed ogre is moderately wounded.
The two-headed ogre hits you with a +0 giant spiked club! x2
You are too injured to fight recklessly!
You are too injured to fight recklessly!
You are too injured to fight recklessly!
You hit the two-headed ogre.
The two-headed ogre is heavily wounded.
You closely miss the two-headed ogre. You headbutt the two-headed ogre!
The two-headed ogre is heavily wounded.
The two-headed ogre hits you with a +0 giant spiked club!
* * * LOW HITPOINT WARNING * * *
The two-headed ogre hits you with a +0 giant spiked club!
* * * LOW HITPOINT WARNING * * *
You hit the two-headed ogre but do no damage.
The two-headed ogre is heavily wounded.
The two-headed ogre hits you with a +0 giant spiked club!
You die...

##### ####### ....#
####..... ....# #..?.....
#....# ### #......$.
.....# #.. #.......#
##.....####.. #..$....#
#.)..........
#.......#####.########...
.......O@.†............<.
##.....######[####.#...)#
#..... #.# #.#..#..
#..... #.# #.##.#)#
#......######.####....#.#
................)...###)#
#.#....####....))...# #.#
.......#..........#..##.#
#..:.......#..##.#


You could see a two-headed ogre.

Vanquished Creatures
  Gastronok (D:8)
  Joseph (D:8)
  Psyche (D:8)
  Maurice (D:8)
  Sigmund (D:4)
  3 hogs (D:7)
  4 yaks
  A human (D:7)
  A steam dragon (D:7)
  Menkaure (D:6)
  A water moccasin (D:6)
  3 orc warriors
  3 sky beasts
  A necrophage (D:3)
  2 black bears (D:6)
  5 ogres
  2 centaurs
  7 bullfrogs
  A gnoll sergeant (D:7)
  2 wyvern zombies
  2 scorpions
  A water moccasin skeleton (D:8)
  8 killer bees
  A howler monkey (D:5)
  4 crimson imps
  2 hounds
  A jelly (D:8)
  4 orc wizards
  3 orc priests
  An iguana (D:4)
  6 worker ants
  A killer bee zombie (D:6)
  2 hound skeletons
  7 gnolls
  9 adders
  2 shadow imps
  An adder skeleton (D:4)
  An adder zombie (D:5)
  A worm (D:2)
  3 dart slugs (D:1)
  6 leopard geckos
  25 orcs
  4 ball pythons
  6 bats
  6 giant cockroaches
  A goblin (D:1)
  3 hobgoblins
  17 jackals
  2 kobolds (D:1)
  2 quokkas
  A ball python skeleton (D:4)
  4 frilled lizards
  2 quokka zombies
  8 rats
189 creatures vanquished.

Notes
Turn   | Place    | Note
-------+----------+-------------------------------------------
     0 | D:1      | r3xj the Minotaur Berserker began the quest for the Orb.
     0 | D:1      | Reached XP level 1. HP: 19/19 MP: 0/0
    93 | D:1      | Reached XP level 2. HP: 14/27 MP: 1/1
   191 | D:1      | Reached skill level 4 in Long Blades
   719 | D:2      | Reached XP level 3. HP: 33/33 MP: 2/2
   950 | D:2      | Found a white marble altar of Elyvilon.
  1396 | D:3      | Reached skill level 5 in Long Blades
  1417 | D:3      | Noticed an ogre
  1420 | D:3      | Killed an ogre
  1420 | D:3      | Reached skill level 5 in Fighting
  1420 | D:3      | Reached XP level 4. HP: 42/42 MP: 3/3
  1420 | D:3      | Reached XP level 5. HP: 48/48 MP: 4/4
  1498 | D:3      | Noticed a necrophage
  1511 | D:3      | Reached ** piety under Trog
  1513 | D:3      | Killed a necrophage
  1513 | D:3      | Reached skill level 6 in Long Blades
  1766 | D:3      | Reached XP level 6. HP: 48/51 MP: 5/5
  2163 | D:4      | Reached skill level 7 in Long Blades
  2416 | D:4      | Found Niumikat's Food Boutique.
  2683 | D:4      | Reached *** piety under Trog
  2740 | D:4      | Noticed Sigmund
  2758 | D:4      | Killed Sigmund
  2758 | D:4      | Reached skill level 8 in Long Blades
  2758 | D:4      | Reached XP level 7. HP: 27/59 MP: 6/6
  3092 | D:4      | Found a staircase to the Ecumenical Temple.
  3316 | D:5      | Entered Level 5 of the Dungeon
  3334 | D:5      | Reached skill level 9 in Long Blades
  3973 | D:5      | Reached XP level 8. HP: 58/68 MP: 7/7
  4517 | D:6      | Noticed Menkaure
  4529 | D:6      | Killed Menkaure
  4529 | D:6      | Reached skill level 10 in Long Blades
  4798 | D:6      | Reached skill level 11 in Long Blades
  4827 | D:6      | Reached **** piety under Trog
  5082 | D:6      | Reached XP level 9. HP: 62/78 MP: 8/8
  5298 | D:7      | Reached skill level 12 in Long Blades
  5569 | D:7      | Found a sacrificial altar of Ru.
  5571 | D:7      | Found a glowing golden altar of the Shining One.
  5573 | D:7      | Found a radiant altar of Vehumet.
  5951 | D:7      | Reached skill level 13 in Long Blades
  5955 | D:7      | Reached skill level 10 in Fighting
  6349 | D:8      | Noticed Psyche
  6364 | D:8      | Killed Psyche
  6364 | D:8      | Reached XP level 10. HP: 52/89 MP: 9/9
  6672 | D:8      | Reached skill level 14 in Long Blades
  6738 | D:8      | Noticed Joseph
  6745 | D:8      | Killed Joseph
  6885 | D:8      | Noticed Maurice
  6900 | D:8      | Killed Maurice
  6900 | D:8      | Reached skill level 1 in Shields
  7072 | D:8      | Noticed Gastronok
  7087 | D:8      | Killed Gastronok
  7087 | D:8      | Reached skill level 5 in Armour
  7510 | D:9      | Reached ***** piety under Trog
  7535 | D:9      | Reached skill level 5 in Shields
  7588 | D:9      | Reached XP level 11. HP: 53/100 MP: 10/10
  7651 | D:9      | Noticed a two-headed ogre
  7662 | D:9      | Slain by a two-headed ogre

Levels and vault maps discovered:
D:1:      elethiomel_arrival_infinity_welcomes_careful_drivers,
          layout_loops_ring, minmay_domino_2
D:2:      layout_basic, lemuel_coloured_pillars_altar
D:3:      layout_basic, serial_glass, glass_columns_a, glass_columns_b,
          moated_statue
D:4:      layout_basic, minmay_temple_entry_tees, serial_shops, shop,
          minmay_quantized, uniq_sigmund
D:5:      layout_layer_cave, first_ration
D:6:      layout_loops_cross, uniq_menkaure
D:7:      layout_rooms, grunt_temple_overflow_open, serial_corexii_hall,
          corexii_hall_statues_t, corexii_hall_statues_t, grunt_livestock
D:8:      layout_basic, hangedman_abyss_or_decor_stagger, uniq_psyche,
          uniq_joseph, uniq_maurice, uniq_gastronok
D:9:      gammafunk_beogh_shrine, layout_basic, minivault_10, glass_columns_a

Skill      XL: |  1  2  3  4  5  6  7  8  9 10 |
---------------+-------------------------------+-----
Fighting       | 4 5 6 7 9 10 12 | 12.4
Long Blades    | 4 5 6 8 9 11 13 14 | 14.0
Armour         | 6 |  6.1
Shields        | 5 |  5.4
Dodging        | |  2.3

Action                   |  1- 3 |  4- 6 |  7- 9 | 10-12 || total
-------------------------+-------+-------+-------+-------++-------
Melee: Falchion          |    50 |   108 |    37 |       ||   195
       Headbutt          |    14 |    25 |    45 |    28 ||   112
       Long sword        |       |       |   201 |   120 ||   321
       Unarmed           |       |       |     1 |       ||     1
Invok: Berserk           |       |     1 |     4 |     4 ||     9
  Use: Scroll            |       |       |     3 |     1 ||     4
  Eat: Chunk             |     1 |     1 |     2 |     2 ||     6
       Ration            |       |     1 |     4 |     2 ||     7
Armor: Animal skin       |     2 |       |       |       ||     2
       Ring mail         |    13 |    25 |       |       ||    38
       Chain mail        |       |    18 |       |       ||    18
       Plate armour      |       |       |   125 |    37 ||   162
Dodge: Dodged            |    42 |    57 |    82 |    29 ||   210
       Rpst.: Falchion   |     9 |    16 |     1 |       ||    26
       Long sword        |       |       |    24 |     6 ||    30

Table legend:
 A = Non-vault XP
 B = Vault XP
 C = Vault XP percentage of total XP
 D = Non-vault monster count
 E = Vault monster count
 F = Vault count percentage of total count
                 A         B        C        D         E       F
            +---------+---------+-------+---------+---------+-------
      Total |    5900 |    5169 |  46.7 |     174 |      15 |   7.9
            +---------+---------+-------+---------+---------+-------
        D:1 |      27 |       5 |  15.6 |      13 |       2 |  13.3
        D:2 |      42 |       0 |   0.0 |       9 |       0 |   0.0
        D:3 |     306 |       0 |   0.0 |      23 |       0 |   0.0
        D:4 |     265 |     291 |  52.3 |      23 |       3 |  11.5
        D:5 |     564 |       0 |   0.0 |      21 |       0 |   0.0
        D:6 |    1175 |     172 |  12.8 |      22 |       1 |   4.3
        D:7 |    1216 |     986 |  44.8 |      29 |       5 |  14.7
        D:8 |    1203 |    3715 |  75.5 |      20 |       4 |  16.7
        D:9 |    1102 |       0 |   0.0 |      14 |       0 |   0.0
            +---------+---------+-------+---------+---------+-------
